Unix NetHack Version 3.7.0-86 Work-in-progress - last build May 30 2023 01:50:43 (cc98dc9aa62a9957b082a042edf5bd7ec9f632c7,branch:master). Game began 2023-06-13 12:11:04, ended 2024-04-30 22:03:34. thelonious, chaotic male human Monk ------ ------- |....` % H : |..%..| |...--|}- % |.---@| |.|^..|}|/ ---- ---------|. |.|.[.| |)---.|}| %% $ ) % ........ H..........-.. |.|.--| |.%....}-------------------------------.------ --------------- |`|.|.| |.----|}}}}}}|........|.(....H...............|)))))N)+.-.[[[.[[|}} |1|.|.| |[|..`|.....}|........|t........%|.``...O....|@))))))|.|.[[[...|}.H .w|..`| |.|.|.|.[...}|........|----------|.``..).%...|--------$--------|}. ----.| |.|^|.|.....}#...{....))..[......-.``....)O.(-.......))^.....@.+. ..|.| |.|.|.|.....}|........|----------|O...)......|--------+--------| .|. |*.`|`......}|........|(.W...(.. |...........|*******|D|%%%% %S |.-- --}}}}}}|........|......................|******@|D|%%%%%%% |.|% |}-------------------------------.------ ------ |.|. |.....-....r)))).%.....)..[.%....))).. -.....| * |.|$| |..?..|------------------------------- | |<--- ------- % % }}}}}}} |.%.. .t... H : a ---- Thelonious the Student of Waters St:18/45 Dx:18 Co:18 In:11 Wi:16 Ch:15 Chaotic S:262095 Dlvl:26 $:0 HP:103(103) Pw:82(82) AC:-4 Xp:16/342995 T:26571 Blind Latest messages: What do you want to wear? [aI or ?*] ? You finish your dressing maneuver. What do you want to wear? [I or ?*] I You are now wearing a robe. What do you want to use or apply? [bhklpqswzGHJPZ or ?*] b K - a blessed scroll called charging. What do you want to use or apply? [bhklpqswzGHJPZ or ?*] h Nothing seems to happen. What do you want to use or apply? [bhklpqswzGHJPZ or ?*] h You feel less confused now. What do you want to use or apply? [bhklpqswzGHJPZ or ?*] b U - a wand of wishing (0:0). What do you want to read? [K or ?*] K As you pronounce the formula on it, the scroll disappears. This is a charging scroll. What do you want to charge? [lpGHJU or ?*] ? Your wand of wishing vibrates for a moment. n - an uncursed ring of shock resistance (on left hand). Restoring save file... Hello thelonious, the human Monk, welcome back to NetHack! Unix NetHack Version 3.7.0-86 Work-in-progress - last build May 30 2023 01:50:43 (cc98dc9aa62a9957b082a042edf5bd7ec9f632c7,branch:master). Really quit? [yn] (n) y Do you want your possessions identified? [ynq] (y) q Inventory: Amulets W - an uncursed amulet of reflection (being worn) Weapons t - a rustproof +6 aklys (alternate weapon; not wielded) Armor a - an uncursed fireproof +2 pair of leather gloves (being worn) N - an uncursed fireproof +0 pair of water walking boots (being worn) I - a blessed fireproof +2 robe (being worn) Comestibles r - an uncursed partly eaten lizard corpse Rings n - an uncursed ring of shock resistance (on left hand) Wands p - a wand of digging (0:6) G - a wand of fire (0:5) H - a wand of teleportation (0:3) U - a wand of wishing (1:3) Tools b - a blessed greased bag of holding containing 71 items Z - an uncursed oilskin sack named XXX containing 1 item z - an uncursed bugle J - the Bell of Opening (0:3) l - an expensive camera (0:31) q - the blessed Eyes of the Overworld w - an uncursed magic whistle k - an uncursed skeleton key s - an uncursed stethoscope P - an uncursed towel (being worn) h - a blessed +0 unicorn horn Gems/Stones v - an uncursed luckstone Contents of the bag of holding: 3037 gold pieces an uncursed +0 cornuthaum an uncursed +0 pair of kicking boots an uncursed burnt +0 pair of elven boots an uncursed +0 pair of high boots an uncursed +0 cloak of displacement an uncursed +1 mummy wrapping an uncursed +0 oilskin cloak an uncursed +0 oilskin cloak 2 uncursed slime molds an uncursed food ration 2 uncursed fortune cookies an uncursed tin of raven meat an uncursed egg an uncursed scroll of scare monster 6 blessed scrolls of blank paper a blessed scroll of charging a cursed scroll of confuse monster an uncursed scroll of enchant armor a blessed scroll of enchant weapon an uncursed scroll of genocide a blessed scroll of gold detection a cursed scroll of identify an uncursed scroll of stinking cloud an uncursed scroll of teleportation 3 cursed scrolls of teleportation 2 uncursed potions of booze 2 uncursed potions of full healing 2 uncursed potions of gain level 2 uncursed potions of polymorph a potion of holy water 2 uncursed potions of water 2 potions of unholy water an uncursed +1 ring of gain strength an uncursed ring of conflict an uncursed ring of fire resistance an uncursed ring of invisibility an uncursed ring of levitation an uncursed ring of polymorph an uncursed ring of regeneration an uncursed ring of slow digestion an uncursed ring of teleport control a cursed wand of magic missile (0:5) a wand of cold (0:6) a wand of digging (0:7) a wand of fire (0:7) a wand of light (0:13) a wand of lightning (0:3) a wand of lightning (0:4) a wand of locking (0:3) a wand of probing (0:3) a wand of sleep (0:7) a wand of sleep (0:4) a wand of speed monster (0:5) a blessed wand of striking (0:5) an uncursed brass lantern a magic marker (0:68) a magic marker (0:3) an uncursed oil lamp an uncursed oil lamp an uncursed oil lamp a +2 pick-axe named Mine a +0 unicorn horn 7 uncursed wax candles an uncursed amber stone an uncursed amethyst stone an uncursed diamond 2 uncursed dilithium crystals 5 uncursed emeralds 2 uncursed rubies an uncursed topaz stone Contents of the oilskin sack named XXX: a wand of cancellation (0:2) Thelonious the Monk's attributes: Background: You were a Student of Waters, a level 16 male human Monk. You were chaotic, on a mission for Huan Ti who was opposed by Shan Lai Ching (lawful) and Chih Sung-tzu (neutral). You were in the Dungeons of Doom, on level 26. You entered the dungeon 26571 turns ago. It was nighttime. You had 342995 experience points, 297005 more were needed to attain level 17. Your score was 262095 before end-of-game adjustments. Basics: You had all 103 hit points. You had all 82 energy points (spell power). Your armor class was -4. Your wallet was empty, but you had 3037 zorkmids stashed away in your pack. Autopickup was off. Final Characteristics: Your strength was 18/45 (limit:18/100). Your dexterity was 18 (limit:18). Your constitution was 18 (limit:18). Your intelligence was 11 (limit:18). Your wisdom was 16 (limit:18). Your charisma was 15 (limit:18). Final Status: You were deliberately blind. You were not hungry. You were unencumbered. You were empty handed. You had grand master skill with martial arts. Final Attributes: You were piously aligned. You were fire resistant. You were cold resistant. You were sleep resistant. You were shock resistant. Your items were protected from electric shocks. You were poison resistant. You would have seen invisible when not blind. You were telepathic. You were warned. You had automatic searching. You were stealthy. You could teleport. You had teleport control. You could walk on water. You had a moderate defense bonus (+6). You were guarded. You were fast. You had reflection. You were extremely lucky. You had extra luck. Bad luck did not time out for you. Good luck did not time out for you. You survived. Miscellaneous: You encountered 1 bones level. Total elapsed playing time was 12 hours, 55 minutes and 46 seconds. Major events: Turn 1: thelonious the chaotic male human Monk entered the dungeon 896: attained the rank of Novice (level 3) 1234: entered the Gnomish Mines 2596: attained the rank of Initiate (level 6) 4610: entered Sokoban 5048: completed 1st Sokoban level 5458: completed 2nd Sokoban level 5826: completed 3rd Sokoban level 6561: completed 4th Sokoban level 6645: acquired the Sokoban amulet of reflection 8185: attained the rank of Student of Stones (level 10) 9876: acquired the Mines' End luckstone 12772: reached Mine Town 15515: was bestowed with Sting by Huan Ti 18342: stole 2500 zorkmids worth of merchandise from Krnov's liquor emporium 20075: attained the rank of Student of Waters (level 14) 22994: killed Master Kaen 22997: found the Eyes of the Overworld on the floor 23091: acquired the Bell of Opening 24240: killed Medusa 25819: made his first wish - "2 blessed charging", got "2 scrolls labeled GARVEN DEH" 26455: entered Gehennom 26552: wished for "blessed greased fixed bag of holding", got "a greased bag" 26571: quit Vanquished creatures: Master Kaen Medusa a gold dragon a silver dragon 2 green dragons a displacer beast a guardian naga 2 shopkeepers 2 captains 3 liches a nurse 2 lurkers above a golden naga 3 black puddings a vampire 5 lieutenants a watch captain 2 ghosts a queen bee 2 giant mimics a long worm an ice troll a rock troll 3 large mimics a couatl 10 stalkers 2 air elementals 4 fire elementals 58 earth elementals 4 water elementals a hill giant 3 giant mummies a black naga 41 xorns 5 giant zombies 2 elf-nobles 6 sergeants a barbed devil 2 wargs 2 winter wolves 10 small mimics a warhorse 4 xans 2 ettin mummies 2 ogre leaders 3 quantum mechanics a troll a sasquatch 2 wood golems 4 sharks 2 gelatinous cubes a pyrolisk a large dog 2 freezing spheres a flaming sphere a shocking sphere 2 gargoyles a tengu 2 ochre jellies 3 leocrottas an energy vortex a stone giant 2 elf mummies a human mummy 2 pythons a pit viper 2 wraiths 2 carnivorous apes 5 ettin zombies 48 soldiers 4 watchmen a chameleon 4 giant beetles 2 quivering blobs 7 cockatrices 7 wolves 5 winter wolf cubs 2 lynxes 3 panthers 2 leprechauns 2 orc-captains 2 iron piercers a mumak 6 giant spiders 2 horses an ice vortex a baby long worm 2 black lights 3 gnome rulers 2 orc mummies 2 dwarf mummies an ogre a brown pudding 6 rust monsters 6 owlbears a gold golem 4 giant eels 4 lizards 3 chickatrices a dingo a jaguar 4 dwarf leaders 3 blue jellies 2 white unicorns 2 dust vortices 7 ravens 3 plains centaurs a gnome mummy 2 snakes a water moccasin 2 apes 12 human zombies 6 soldier ants a quasit 3 wood nymphs 2 water nymphs 4 mountain nymphs 6 Uruk-hai an orc shaman 3 rock piercers 2 rock moles 2 ponies 3 fog clouds 7 yellow lights a shrieker 4 violet fungi 14 gnome leaders 5 gnomish wizards 5 kobold mummies a red naga hatchling 2 black naga hatchlings 5 gray oozes 4 elf zombies a ghoul a straw golem 2 paper golems a jellyfish 2 baby crocodiles 13 giant ants a little dog 6 floating eyes a kitten 19 dwarves 2 homunculi a kobold leader 6 hill orcs 6 rothes 2 rabid rats a centipede 3 giant bats 2 monkeys 5 orc zombies 2 dwarf zombies 3 wererats 2 werejackals 13 iguanas 21 killer bees an acid blob 3 coyotes 6 hobbits 2 manes 2 hobgoblins 4 giant rats 6 cave spiders 2 brown molds 3 yellow molds 2 green molds a red mold 63 gnomes 2 gnome zombies 5 geckos 5 jackals 2 foxes a kobold 4 goblins 2 sewer rats 5 grid bugs 3 bats 7 lichens 3 kobold zombies 4 newts 757 creatures vanquished. No species were genocided or became extinct. Voluntary challenges: You read items or engraved 63 times. You never engraved Elbereth. You never genocided any monsters. You used 2 wishes. You did not wish for any artifacts. You did not violate any of the special Sokoban rules. Achievements: You attained the rank of Novice. You entered the Gnomish Mines. You attained the rank of Initiate. You entered a shop. You entered a temple. You entered Sokoban. You completed Sokoban. You attained the rank of Student of Stones. You completed the Gnomish Mines. You entered Minetown. You attained the rank of Student of Waters. You had the Bell of Opening. You defeated Medusa. You learned the tune to open and close the Castle's drawbridge. You entered Gehennom. The Dungeons of Doom: levels 1 to 26 Level 1: A fountain. Level 2: Level 3: A sink. Level 4: "$" Stairs down to The Gnomish Mines. Level 5: Some fountains. Level 6: A fountain. Level 7: A fountain. Level 8: Many fountains. Oracle of Delphi. Level 9: A sink. Stairs up to Sokoban, level 8. Level 10: Level 11: A temple, a fountain. Level 12: A fountain. Level 13: A grave. Level 14: A fountain. Level 15: A general store. Portal to The Quest. Level 16: Final resting place for wispofvapor-Wiz-Hum-Fem-Neu, killed by a rock troll. Level 17: A primitive area. Level 18: A temple to Huan Ti. Level 19: "$" Level 20: A potion shop. Level 21: "Stash Central" Level 22: Level 23: Level 24: Level 25: Level 26: <- You were here. A fountain. The castle (play notes "BDDBC" to open or close drawbridge). Connection to Gehennom. Gehennom: Level 27: The Gnomish Mines: levels 5 to 13 Level 5: Level 6: Level 7: "black uni" Level 8: Many shops, a temple. Level 9: Level 10: Level 11: Level 12: Level 13: A fountain. The Quest: levels 1 to 6 Level 1: A temple, many trees. Completed quest for the Grand Master. Level 2: Level 3: Level 4: Level 5: Level 6: An altar to Huan Ti. Sokoban: levels 8 up to 5 Level 5: "black unis" Solved. Level 6: Solved. Level 7: Solved. Level 8: Solved. Goodbye thelonious the Monk... You quit in The Dungeons of Doom on dungeon level 26 with 262095 points, and 3037 pieces of gold, after 26571 moves. You were level 16 with a maximum of 103 hit points when you quit.